 Dungeon Crawl Stone Soup version 0.20-a0-1000-g0e8f6bb (webtiles) character file.

112317 AlphabetPasta the Protected (level 16, -2/124 HPs)
             Began as a Bultungin Berserker on Apr 11, 2017.
             Was the Champion of Trog.
             Slain by an ice dragon (10 damage)
             ... on level 1 of the Swamp on Apr 12, 2017.
             The game lasted 02:28:39 (24110 turns).

AlphabetPasta the Protected (Bultungin Berserker)  Turns: 24110, Time: 02:28:40

Health: -2/124     AC: 25    Str: 21    XL:     16   Next: 60%
Magic:  22/22      EV: 16    Int:  6    God:    Trog [******]
Gold:   1055       SH: 14    Dex: 18    Spells: 15/15 levels left

rFire    . . .     SeeInvis +   d - +3 broad axe (flame)
rCold    . . .     Gourm    +   s - +1 shield
rNeg     . . .     Faith    .   X - +4 plate armour {MR+}
rPois    +         Spirit   .   n - +1 hat
rElec    +         Reflect  .   g - +1 cloak
rCorr    .         Harm     .   E - +0 pair of fencer's gloves {+Riposte Dex+3}
MR       +....                  K - +0 pair of boots
Stlth    ..........             Y - amulet of the gourmand
Regen    0.3/turn               O - +4 ring of evasion
MPRegen  0.2/turn               S - ring of Pelekkae {+Inv rElec rPois Int-2 Stlth+}

@: no status effects
A: short attention span, fangs 1, see invisible, strong nose
a: Berserk, Trog's Hand, Brothers in Arms, Burn Spellbooks, Renounce Religion,
Evoke Invisibility


You were on level 1 of the Swamp.
You worshipped Trog.
Trog was exalted by your worship.
You were very full.

You visited 4 branches of the dungeon, and saw 24 of its levels.
You also visited: Sewer and Volcano.

You collected 2399 gold pieces.
You spent 1344 gold pieces at shops.

Inventory:

Hand Weapons
 a - a +2 war axe
 b - a +2 hunting sling of freezing
 c - the +9 staff of Olgreb {rPois}
   (You found it on level 5 of the Dungeon)

   It protects you from poison.
 d - a +3 broad axe of flaming (weapon)
Missiles
 o - 535 stones
 q - 144 sling bullets
 T - 8 javelins (quivered)
Armour
 g - a +1 cloak (worn)
 n - a +1 hat (worn)
 s - a +1 shield (worn)
 v - a scarf of cold resistance
 E - the +0 pair of fencer's gloves (worn) {+Riposte Dex+3}
   (You bought it in a shop on level 2 of the Orcish Mines)

   It affects your dexterity (+3).
 K - a +0 pair of boots (worn)
 X - a +4 plate armour of magic resistance (worn)
Jewellery
 r - an uncursed ring of resist corrosion
 C - an uncursed ring of fire
 O - a +4 ring of evasion (left hand)
 S - the ring of Pelekkae (right hand) {+Inv rElec rPois Int-2 Stlth+}
   (You bought it in a shop on level 2 of the Orcish Mines)

   [ring of stealth]

   It affects your intelligence (-2).
   It insulates you from electricity.
   It protects you from poison.
   It lets you turn invisible.
   It makes you more stealthy.
 Y - an amulet of the gourmand (around neck)
Wands
 u - a wand of disintegration (9/24)
 z - a wand of paralysis (9/24)
 H - a wand of iceblast (15/15)
 P - a wand of acid (10/15)
 W - a wand of lightning (13/15)
Scrolls
 h - a scroll of magic mapping
 y - 14 scrolls of remove curse
 A - 4 scrolls of enchant armour
 B - a scroll of silence
 F - 5 scrolls of identify
 M - 3 scrolls of blinking
 N - a scroll of recharging
 U - 2 scrolls of fear
 Z - 9 scrolls of teleportation
Potions
 e - 4 potions of heal wounds
 f - 3 potions of haste
 j - 2 potions of curing
 k - 8 potions of flight
 p - 6 potions of agility
 D - 2 potions of ambrosia
 I - 4 potions of might
 J - 5 potions of cancellation
 V - a potion of invisibility
Miscellaneous
 m - a lamp of fire
 x - a lightning rod (4/4)
Comestibles
 i - 40 fruits
 l - 10 meat rations
 t - 17 chunks of flesh
 L - 12 bread rations


   Skills:
 + Level 10.9 Fighting
 + Level 10.8(11.2) Axes
   Level 7.1(10.6) Maces & Flails
   Level 7.3(10.6) Polearms
 - Level 10.0(10.5) Staves
 + Level 10.7(11.0) Slings
 - Level 8.0(10.0) Throwing
 * Level 11.2 Armour
 + Level 10.9 Dodging
 * Level 10.8 Shields
 - Level 8.0 Evocations


You had 15 spell levels left.
You didn't know any spells.

Dungeon Overview and Level Annotations

Branches:
Dungeon (15/15)            Temple (0/1) D:7            Lair (6/6) D:10
  Swamp (1/4) Lair:2        Snake (0/4) Lair:4        Slime (0/5) Lair:5
    Orc (2/2) D:12            Elf (0/3) Orc:2        Vaults (0/5) D:14
 Depths (0/5) D:15

Altars:
Cheibriados
Fedhas
Gozag
Kikubaaqudgha
Nemelex Xobeh
Qazlal
Ru
Trog
Uskayaw
Xom
Beogh

Shops:
D:6 :%   D:8 !   Orc:1 *   Orc:2 [}*[

Portals:
Ice
Cave: Swamp:1


Innate Abilities, Weirdness & Mutations

You have a short attention span.
You have very sharp teeth.
You have supernaturally acute eyesight. (SInv)
Your uncanny sense of smell can sniff out nearby items.


Message History

You hear a roar!
You feel much better. You block the ice dragon's attack. x2
The ice dragon barely misses you.
You slice the ice dragon!! You burn the ice dragon!
The ice dragon is severely wounded.
The ice dragon bites you but does no damage.
You block the ice dragon's attack. The ice dragon tramples you.
* * * LOW HITPOINT WARNING * * *
You stumble backwards!
You hit the ice dragon. You burn the ice dragon.
Your bite misses the ice dragon.
The ice dragon is almost dead.
The ice dragon barely misses you. The ice dragon completely misses you.
You block the ice dragon's attack.
You hit the ice dragon. You burn the ice dragon.
The ice dragon is almost dead.
The ice dragon bites you!
* * * LOW HITPOINT WARNING * * *
The ice dragon claws you!
You die...

♣♣* *≈♣♣♣♣♣♣♣ *♣..♣≈♣≈♣♣
♣.?≈≈...♣ ♣♣♣@....♣**
♣♣...D..##* ***
♣♣..≈...#..#**,*
♣♣....≈.#..#.#*,***
♣♣..≈.≈.♣#.#..#*,,,**
♣♣≈.≈≈.≈≈♣*#.,∩#*∆≈≈,*
♣.≈≈<†..≈♣ *##*#*≈≈≈,****
*♣.♣.≈≈♣.≈♣*******,≈,,,,≈*
*
♣.≈≈§≈≈♣≈.≈..,,≈≈≈,≈,≈≈≈≈,


You could see an ice dragon.

Vanquished Creatures
  Rupert (D:15)
  Gastronok (Lair:1)
  Kirke (Lair:4)
  The ghost of Lookapuppie the Severer, a journeyman MiBe of Trog (D:13)
  Azrael (D:12)
  A red draconian (Volcano)
  2 fire dragons
  Josephine (Orc:2)
  3 vault guards (D:14)
  2 ice dragons (D:15)
  11 hydras
  Harold (Lair:2)
  3 centaur warriors
  5 ogre magi
  22 two-headed ogres
  An orc high priest (Orc:2)
  Sonja (D:14)
  4 skeletal warriors (D:14)
  A fire crab (Lair:6)
  A wizard (D:14)
  An unseen horror (D:13)
  An orange crystal statue (D:10)
  2 necromancers (D:14)
  3 wolf spider zombies
  A wolf spider (D:12)
  4 orc sorcerers
  3 ugly things
  A deep elf mage (D:13)
  8 elephants
  3 cyclopes
  2 black mambas (Lair:6)
  2 molten gargoyles (Lair:6)
  A centaur zombie (D:15)
  An ice statue (D:10)
  14 spiny frogs
  A kobold demonologist (D:12)
  11 komodo dragons
  An efreet (D:14)
  A rime drake (Lair:1)
  A polar bear (Lair:6)
  2 trolls
  Grinder (D:4)
  19 blink frogs
  A meliai zombie (D:14)
  12 dream sheep
  12 hippogriffs
  A water elemental (D:15)
  Sigmund (D:2)
  7 wraiths
  A vampire (D:11)
  2 shadows
  5 fire elementals (D:12)
  5 wyverns
  20 humans
  A hog (Lair:4)
  2 basilisks
  64 yaks
  2 hungry ghosts (D:11)
  A steam dragon (Lair:6)
  3 fire bats (Lair:1)
  2 vampire mosquitoes (Swamp:1)
  4 nagas (Lair:4)
  A warg (Orc:2)
  An acid dragon (D:14)
  4 soldier ants
  4 hell hounds
  11 porcupines
  25 orc warriors
  13 water moccasins
  A phantom (D:5)
  4 ice beasts
  2 sky beasts
  3 black bears
  36 ogres
  2 necrophages
  16 wolves
  10 centaurs
  3 big kobolds
  14 crocodiles
  13 bullfrogs
  2 wyvern zombies (D:12)
  2 wyvern skeletons
  8 scorpions
  7 killer bees
  5 wights
  4 howler monkeys
  6 crimson imps
  5 bullfrog zombies
  10 hounds
  5 lava snakes (Lair:6)
  6 jellies
  2 quasits
  A bullfrog skeleton (D:7)
  18 orc priests
  7 centaur skeletons
  6 iguanas
  Natasha (thrice) (D:2)
  23 orc wizards
  14 worker ants
  A hound skeleton (D:10)
  A worker ant zombie (D:8)
  3 howler monkey skeletons
  17 adders
  7 gnolls
  4 river rats
  A shadow imp (D:10)
  2 oozes (D:4)
  2 adder skeletons
  An adder zombie (D:6)
  5 worms
  4 dart slugs
  3 leopard geckos
  94 orcs
  4 giant cockroaches
  9 goblins
  5 hobgoblins
  9 jackals
  17 kobolds
  3 quokkas
  4 ball pythons
  4 bats
  3 frilled lizards
  A jackal skeleton (D:5)
  A leopard gecko skeleton (D:4)
  A quokka zombie (D:6)
  4 rats
801 creatures vanquished.

Vanquished Creatures (collateral kills)
  An orc high priest (Orc:1)
  4 oklob plants (Lair:4)
  An ogre (Orc:1)
  An orc wizard (Orc:1)
  2 orcs (Orc:1)
9 creatures vanquished.

Vanquished Creatures (others)
  15 fungi
  9 plants
24 creatures vanquished.

Grand Total: 834 creatures vanquished

Notes
Turn   | Place    | Note
-------+----------+-------------------------------------------
     0 | D:1      | AlphabetPasta the Bultungin Berserker began the quest for the Orb.
     0 | D:1      | Reached XP level 1. HP: 20/20 MP: 1/1
   210 | D:1      | Reached XP level 2. HP: 24/26 MP: 2/2
   629 | D:1      | Reached skill level 1 in Slings
   630 | D:1      | Reached skill level 5 in Axes
   749 | D:1      | Reached XP level 3. HP: 31/31 MP: 3/3
   924 | D:2      | Noticed Sigmund
   935 | D:2      | Killed Sigmund
   935 | D:2      | Reached skill level 5 in Fighting
   935 | D:2      | Reached skill level 4 in Armour
   935 | D:2      | Reached XP level 4. HP: 39/39 MP: 4/4
   935 | D:2      | Reached XP level 5. HP: 44/44 MP: 5/5
  1309 | D:2      | Noticed Natasha
  1321 | D:2      | Killed Natasha
  1321 | D:2      | Reached ** piety under Trog
  1321 | D:2      | Reached XP level 6. HP: 51/51 MP: 6/6
  1525 | D:2      | Found a shimmering altar of Xom.
  1715 | D:2      | Noticed Natasha
  1721 | D:2      | Killed Natasha
  1725 | D:2      | Found a bloodstained altar of Trog.
  1780 | D:2      | Noticed Natasha
  1785 | D:2      | Killed Natasha
  2156 | D:2      | Found a sacrificial altar of Ru.
  2156 | D:2      | Found an ancient bone altar of Kikubaaqudgha.
  2156 | D:2      | Found a snail-covered altar of Cheibriados.
  2662 | D:4      | Found a blossoming altar of Fedhas.
  2676 | D:4      | Found a stormy altar of Qazlal.
  2688 | D:4      | Reached skill level 1 in Shields
  2866 | D:4      | Noticed Grinder
  2872 | D:4      | Reached skill level 5 in Armour
  2872 | D:4      | Reached XP level 7. HP: 57/57 MP: 7/7
  2875 | D:4      | Killed Grinder
  2875 | D:4      | Reached skill level 5 in Slings
  3318 | D:5      | Entered Level 5 of the Dungeon
  3384 | D:5      | Reached skill level 5 in Dodging
  3442 | D:5      | Reached *** piety under Trog
  3554 | D:5      | Reached skill level 1 in Maces & Flails
  3595 | D:5      | Reached XP level 8. HP: 64/64 MP: 8/8
  3919 | D:5      | Found a runed gate.
  3920 | D:5      | Found a runed door.
  4023 | D:5      | Found a runed gate.
  4023 | D:5      | Found a runed gate.
  4034 | D:5      | Found a runed door.
  4663 | D:5      | Reached skill level 6 in Armour
  5126 | D:5      | Reached XP level 9. HP: 67/72 MP: 9/9
  5139 | D:5      | Reached skill level 1 in Evocations
  5159 | D:5      | Reached skill level 1 in Throwing
  5595 | D:6      | Found a glowing drain.
  5597 | D:6      | Received a gift from Trog
  5656 | Sewer    | Entered a sewer
  5770 | Sewer    | Found a white marble altar of Elyvilon.
  5902 | D:6      | Reached skill level 1 in Staves
  5966 | D:6      | Reached skill level 5 in Shields
  5990 | D:6      | Found Cidek's Food Shoppe.
  6073 | D:6      | Found Bideklus's Book Boutique.
  6114 | D:6      | Reached **** piety under Trog
  6665 | D:7      | Reached skill level 7 in Armour
  6788 | D:7      | Got a bloodstained battleaxe {protect}
  6789 | D:7      | Identified the +4 battleaxe of Spring {protect, rC+} (You took it off an orc priest on level 7 of the Dungeon)
  7031 | D:7      | Found a hide-covered altar of Uskayaw.
  7118 | D:7      | Reached ***** piety under Trog
  7118 | D:7      | Reached XP level 10. HP: 77/80 MP: 12/12
  7182 | D:7      | Found a staircase to the Ecumenical Temple.
  7347 | D:8      | Reached skill level 5 in Maces & Flails
  7512 | D:8      | Received a gift from Trog
  7541 | D:8      | Found Uvidabya's Distillery.
  7557 | D:8      | Bought a potion of lignification for 36 gold pieces
  7557 | D:8      | Bought a potion of magic for 96 gold pieces
  7560 | D:8      | Bought a potion of might for 48 gold pieces
  7575 | D:8      | Found a sparkling altar of Nemelex Xobeh.
  7596 | D:8      | Found an opulent altar of Gozag.
  8277 | D:9      | Reached skill level 5 in Staves
  8277 | D:9      | Reached skill level 5 in Evocations
  8300 | D:9      | Noticed a two-headed ogre
  8311 | D:9      | Killed a two-headed ogre
  8370 | D:9      | Reached skill level 8 in Armour
  8395 | D:9      | Noticed a centaur warrior
  8403 | D:9      | Killed a centaur warrior
  8403 | D:9      | Reached skill level 5 in Throwing
  8403 | D:9      | Reached XP level 11. HP: 52/87 MP: 3/15
  8687 | D:10     | Entered Level 10 of the Dungeon
  8710 | D:10     | Found a staircase to the Lair.
  8727 | D:10     | Received a gift from Trog
  9112 | D:10     | Noticed an orange crystal statue
  9450 | D:10     | Noticed a two-headed ogre
  9468 | D:10     | Killed a two-headed ogre
  9468 | D:10     | Received a gift from Trog
 10105 | D:11     | Reached skill level 1 in Polearms
 10421 | D:11     | Received a gift from Trog
 10619 | D:12     | Found a staircase to the Orcish Mines.
 10775 | D:12     | Noticed a wolf spider
 10781 | D:12     | Killed a wolf spider
 10809 | D:12     | Noticed a cyclops
 10819 | D:12     | Killed a cyclops
 10842 | D:12     | Noticed an eight-headed hydra
 10854 | D:12     | Killed an eight-headed hydra
 10854 | D:12     | Reached XP level 12. HP: 95/95 MP: 17/17
 11142 | D:12     | Noticed Azrael
 11554 | D:12     | Killed Azrael
 11932 | Lair:1   | Entered Level 1 of the Lair of Beasts
 11959 | Lair:1   | Noticed Gastronok
 11987 | Lair:1   | Killed Gastronok
 12025 | Lair:1   | Reached skill level 9 in Armour
 12035 | Lair:1   | Received a gift from Trog
 12040 | Lair:1   | Reached skill level 5 in Polearms
 12047 | Lair:1   | Reached XP level 13. HP: 76/101 MP: 3/19
 12067 | Lair:1   | Found a dark tunnel.
 12132 | Volcano  | Entered a volcano
 12171 | Volcano  | Found a radiant altar of Vehumet.
 12213 | Volcano  | Noticed a red draconian
 12241 | Volcano  | Killed a red draconian
 13093 | Lair:2   | Found a staircase to the Swamp.
 13228 | Lair:2   | Noticed Harold
 13238 | Lair:2   | Killed Harold
 13254 | Lair:2   | Received a gift from Trog
 14102 | Lair:3   | Reached skill level 10 in Fighting
 14659 | Lair:4   | Reached skill level 10 in Axes
 14776 | Lair:4   | Reached ****** piety under Trog
 14776 | Lair:4   | Reached XP level 14. HP: 107/110 MP: 16/20
 14890 | Lair:4   | Found a staircase to the Snake Pit.
 15015 | Lair:4   | Reached skill level 10 in Dodging
 15155 | Lair:4   | Noticed Kirke
 15168 | Lair:4   | Killed Kirke
 15168 | Lair:4   | Received a gift from Trog
 15993 | Lair:5   | Reached skill level 10 in Slings
 16386 | Lair:5   | Found a staircase to the Slime Pits.
 16664 | Lair:6   | Entered Level 6 of the Lair of Beasts
 16699 | Lair:6   | Reached skill level 10 in Armour
 17712 | Lair:6   | Received a gift from Trog
 18430 | Lair:6   | Found a large runed door.
 18431 | Lair:6   | Found a large runed door.
 18447 | Lair:6   | Received a gift from Trog
 18686 | Lair:6   | Reached XP level 15. HP: 117/117 MP: 21/21
 18806 | Lair:6   | Reached skill level 10 in Shields
 19211 | Orc:1    | Entered Level 1 of the Orcish Mines
 19333 | Orc:1    | Found a roughly hewn altar of Beogh.
 19445 | Orc:2    | Entered Level 2 of the Orcish Mines
 19588 | Orc:2    | Noticed Josephine
 19594 | Orc:2    | Killed Josephine
 19699 | Orc:1    | Found Qoh Jieff's General Store.
 19749 | Orc:1    | Bought a scroll of silence for 105 gold pieces
 19879 | Orc:2    | Received a gift from Trog
 19990 | Orc:2    | HP: 2/117 [ogre/giant club (19)]
 20159 | Orc:2    | Found Eghykler's Armour Emporium.
 20159 | Orc:2    | Found Niaroext's Assorted Antiques.
 20160 | Orc:2    | Found Keoschaet's Gadget Boutique.
 20160 | Orc:2    | Found Xucwug's Antique Armour Shoppe.
 20168 | Orc:2    | Bought a potion of heal wounds for 135 gold pieces
 20168 | Orc:2    | Bought a scroll labeled LALYBB FORAA for 27 gold pieces
 20168 | Orc:2    | Bought a diamond ring for 135 gold pieces
 20168 | Orc:2    | Bought a scroll labeled LALYBB FORAA for 27 gold pieces
 20168 | Orc:2    | Bought a vibrating lead ring for 135 gold pieces
 20169 | Orc:2    | Identified the ring of Pelekkae {+Inv rElec rPois Int-2 Stlth+} (You bought it in a shop on level 2 of the Orcish Mines)
 20179 | Orc:2    | Bought the +0 pair of fencer's gloves {+Riposte Dex+3} for 600 gold pieces
 20300 | Orc:2    | Found a staircase to the Elven Halls.
 20322 | Orc:2    | Paralysed by an orc sorcerer for 2 turns
 20464 | Orc:2    | Received a gift from Trog
 20612 | Orc:2    | Found a roughly hewn altar of Beogh.
 21151 | D:13     | Noticed Lookapuppie's ghost (journeyman MiBe)
 21169 | D:13     | Killed Lookapuppie's ghost
 21323 | D:13     | Received a gift from Trog
 21567 | D:14     | Reached skill level 10 in Staves
 21599 | D:14     | Reached XP level 16. HP: 124/124 MP: 22/22
 22068 | D:14     | Noticed Sonja
 22080 | D:14     | Killed Sonja
 22219 | D:14     | Reached skill level 11 in Armour
 22323 | D:14     | Found a gate to the Vaults.
 22339 | D:14     | Received a gift from Trog
 22707 | D:15     | Entered Level 15 of the Dungeon
 22707 | D:15     | Noticed Rupert
 22725 | D:15     | Killed Rupert
 22891 | D:15     | Received a gift from Trog
 23592 | D:15     | Found a staircase to the Depths.
 24076 | Swamp:1  | Entered Level 1 of the Swamp
 24096 | Swamp:1  | Found a frozen archway.
 24106 | Swamp:1  | HP: 1/124 [ice dragon/blast of cold (54)]
 24110 | Swamp:1  | Slain by an ice dragon

Vault maps used:
D:1:      nagdon_arrival_double_spiral, minmay_misc_feat_iff,
          minmay_misc_feat_diagonals, minivault_4
D:2:      lemuel_upstairs_altar, nicolae_overflow_hidden_temple,
          minmay_tromino_i4, uniq_natasha, uniq_sigmund
D:3:      corner_web_ring
D:4:      grunt_temple_overflow_forces_of_nature, dk_vineyard_1,
          guppyfry_early_lair_pool, uniq_grinder
D:5:      first_bread, minmay_guarded_unrand_staff_of_olgreb
D:6:      serial_shops, shop, nicolae_shop_temple_entry_statues_fountains,
          portal_sewer_entry_a
D:7:      kennysheep_mini, temple_green
D:8:      nemelex_xobeh_ov_fountains_minmay,
          nicolae_gozag_cash_rules_everything_around_me, serial_shops, shop
D:9:      minmay_opposing_rooms
D:10:     minmay_separated_statues, due_lair_maze_entry_diamond
D:12:     minmay_blocky_corners, orc_0_dummy, uniq_azrael
D:14:     grunt_vaults_entry_tiered, bh_walls_and_bars, uniq_sonja
D:15:     grunt_enter_depths_hoard, uniq_rupert
Lair:1:   nicolae_volcano_entry_batcave, grunt_megastairs_2, uniq_gastronok
Lair:2:   swamp_mist, uniq_harold
Lair:4:   minmay_snake_entry_guardpost_small, minmay_lair_oklob_chamber,
          grunt_megastairs_1, uniq_kirke
Lair:5:   dpeg_slime_entry_corner
Lair:6:   cheibrodos_lair_end_hotspot
Swamp:1:  portal_ice_cave_entry_dragon, serial_swamp_ruin,
          evilmike_swamp_ruin_rubble_1, evilmike_swamp_ruin_house_1
Orc:1:    serial_shops, shop, kennysheep_orc_chapel
Orc:2:    st_orc_ogre_mass, basic_altar, uniq_josephine
Sewer:    sewer_kobolds
Volcano:  kennysheep_volcano_temple

Skill      XL: |  1  2  3  4  5  6  7  8  9 10 11 12 13 14 15 16 |
---------------+-------------------------------------------------+-----
Slings         | 1 3 4 6 7 8 9 10 | 10.7
Axes           | 5 6 7 8 9 10 | 10.8
Fighting       | 5 6 7 8 9 10 | 10.9
Armour         | 4 5 6 7 8 9 10 11 | 11.2
Dodging        | 4 5 6 7 8 9 10 | 10.9
Shields        | 1 3 4 5 7 8 9 10 | 10.8
Maces & Flails | 1 3 4 6 7 |  7.1
Evocations     | 3 5 7 8 |  8.0
Throwing       | 3 5 6 8 |  8.0
Staves         | 3 5 6 7 8 9 10 | 10.0
Polearms       | 2 5 7 |  7.3

Action                   |  1- 3 |  4- 6 |  7- 9 | 10-12 | 13-15 | 16-18 || total
-------------------------+-------+-------+-------+-------+-------+-------++-------
Melee: Hand axe          |    66 |   200 |   356 |       |       |       ||   622
       Bite              |     4 |    25 |    73 |   112 |   210 |    71 ||   495
       Staff             |       |       |   161 |   585 |  1055 |    54 ||  1855
       Battleaxe         |       |       |    13 |       |       |       ||    13
       War axe           |       |       |       |    17 |   116 |    45 ||   178
       Broad axe         |       |       |       |       |   109 |   220 ||   329
 Fire: Hunting sling     |       |       |    14 |     7 |    47 |     4 ||    72
       Fustibalus        |       |       |       |     2 |     2 |       ||     4
Throw: Tomahawk          |       |       |       |    16 |       |       ||    16
       Javelin           |       |       |       |    24 |    52 |     3 ||    79
       Stone             |       |       |       |       |     1 |       ||     1
Invok: Berserk           |     2 |     4 |     1 |     4 |    10 |     4 ||    25
       Trog's Hand       |       |     1 |     2 |       |     1 |     1 ||     5
       Burn Spellbooks   |       |       |       |     1 |     3 |     2 ||     6
       Brothers in Arms  |       |       |       |       |     2 |       ||     2
 Abil: Evoke Invisibilit |       |       |       |       |     1 |       ||     1
Evoke: Staff of Olgreb   |       |       |     8 |    46 |    91 |     8 ||   153
       Wand              |       |       |       |     5 |       |     1 ||     6
  Use: Scroll            |     4 |     4 |    10 |    13 |     8 |     8 ||    47
       Potion            |       |       |     2 |     4 |     6 |     1 ||    13
 Stab: Sleeping          |     1 |       |       |       |       |       ||     1
       Invisible         |       |       |       |       |     1 |       ||     1
       Paralysed         |       |       |       |       |       |     2 ||     2
  Eat: Chunk             |     1 |    10 |    12 |    20 |    63 |    12 ||   118
       Fruit             |       |     1 |     1 |       |     1 |       ||     3
       Royal jelly       |       |       |     2 |     3 |     1 |     1 ||     7
Armor: Animal skin       |    11 |       |       |       |       |       ||    11
       Chain mail        |     6 |    73 |   217 |       |       |       ||   296
       Crystal plate arm |       |       |    56 |   238 |       |       ||   294
       Plate armour      |       |       |       |    33 |   418 |   123 ||   574
Dodge: Dodged            |    31 |    70 |   248 |   104 |   505 |   179 ||  1137
Block: Large shield      |       |       |    33 |   472 |   303 |       ||   808
       Shield            |       |       |       |       |   519 |   240 ||   759
       Rpst.: Staff      |       |       |       |       |    13 |    10 ||    23
       Broad axe         |       |       |       |       |     9 |    20 ||    29
       War axe           |       |       |       |       |       |     4 ||     4
